 Dungeon Crawl Stone Soup version 0.16.2-12-gd0ad4c3 (webtiles) character file.

104 Klogten the Conjurer (level 4, -2/43 HPs)
             Began as a High Elf Conjurer on Nov 1, 2015.
             Killed from afar by Modan's ghost (5 damage)
             ... with a zap
             ... on level 3 of the Dungeon.
             The game lasted 00:18:08 (2484 turns).

Klogten the Conjurer (High Elf Conjurer)            Turns: 2484, Time: 00:18:08

Health: -2/43      AC: 22    Str:  7    XL:     4   Next: 52%
Magic:  1/12       EV:  2    Int: 25    God:
Gold:   84         SH:  0    Dex: 15    Spells: 1 memorised, 8 levels left

rFire  . . .     SeeInvis .     k - +0 mace (drain)
rCold  . . .     Clarity  +     i - melded mottled dragon hide
rNeg   + + +     SustAb   .     (no shield)
rPois  +         Gourm    .     g - melded +0 helmet
rElec  .         Spirit   .     (cloak currently unavailable)
rCorr  .         Warding  .     e - melded +0 pair of gloves
rMut   .         NoTele   +     f - melded +0 pair of boots (curse)
MR     .....                    (no amulet)
Stlth  +++.......               (no ring)
                                (no ring)

@: brilliant, tree-form (expiring), very slightly contaminated, invisible, not
resistant to hostile enchantments, fairly stealthy
A: clarity, robust 1, MP-powered wands 1
a: no special abilities


You were on level 3 of the Dungeon.
You were not hungry.
You were a tree.
You visited 1 branch of the dungeon, and saw 3 of its levels.

You collected 84 gold pieces.

Inventory:

Hand weapons
 k - a +0 mace of draining (weapon)
Armour
 a - a +0 robe
 e - a +0 pair of gloves (melded)
 f - a cursed +0 pair of boots (melded)
 g - a +0 helmet (melded)
 i - a mottled dragon hide (melded)
Magical devices
 w - a wand of frost (22)
Scrolls
 j - 2 scrolls of immolation {unknown}
 l - a scroll of identify
 m - a scroll of noise {unknown}
 o - 3 scrolls of remove curse {unknown}
 u - a scroll of magic mapping {unknown}
 x - a scroll of amnesia {unknown}
Books
 c - a book of Conjurations

   Spells                             Type                      Level
   a - Magic Dart                     Conjuration                  1
   b - Searing Ray                    Conjuration                  2
   c - Dazzling Spray                 Conjuration/Hexes            3
   d - Fulminant Prism                Conjuration/Hexes            4
   e - Iskenderun's Mystic Blast      Conjuration                  4
   f - Iskenderun's Battlesphere      Conjuration/Charms           5
Comestibles
 b - 2 bread rations
 d - 5 fruits


   Skills:
 + Level 0.4 Fighting
 * Level 1.4 Maces & Flails
 + Level 0.8 Armour
 + Level 3.1 Dodging
 + Level 2.4 Stealth
 * Level 3.0 Spellcasting
 * Level 5.0 Conjurations


You had 8 spell levels left.
You knew the following spells:

 Your Spells              Type           Power        Failure   Level  Hunger
a - Magic Dart            Conj           ####         1%          1    None


Dungeon Overview and Level Annotations

Branches:
Dungeon (3/15)

Altars:

Annotations:
D:3 Modan's ghost, average DrAE


Innate Abilities, Weirdness & Mutations

You possess an exceptional clarity of mind.
You are robust (+10% HP).
You expend magic power (3 MP) to slightly strengthen your wands.


Message History

* * * LOW HITPOINT WARNING * * *
Casting: Magic Dart
Confirm with . or Enter, or press ? or * to list all spells.
Aiming: Magic Dart
Press: ? - help, Shift-Dir - straight line, f/p - Modan's ghost
Aim: Modan's ghost (severely damaged)
The magic dart hits Modan's ghost.
Modan's ghost is severely damaged.
Modan's ghost points at you and mumbles some strange words.
Helpless, you fail to dodge the zap.
* * * LOW HITPOINT WARNING * * *
You barely miss Modan's ghost.
Modan's ghost is severely damaged.
Modan's ghost hits you but does no damage.
You catch the helpless Modan's ghost completely off-guard!
You hit Modan's ghost.
Modan's ghost is severely damaged.
Modan's ghost gestures at you while chanting.
Helpless, you fail to dodge the zap.
You die...

.o..# ....# ....#
#'### #.##### ......#
..###.# .## #.# #####
.# #.# #.♣.# .#
#[#########W#.# .#
#.....W.....#.# .#
#############.#######
.. #.####.#.....# ##
#......#.###.#
#<.......# #.#
#.######## #.# #.#
#.#


You could see Modan's ghost.

Vanquished Creatures
  Ijyb (D:2)
  Robin (D:1)
  An adder (D:2)
  A giant mite (D:2)
  A worm (D:1)
  An orc (D:3)
  A ball python (D:2)
  3 giant cockroaches
  20 goblins
  7 hobgoblins
  A kobold (D:2)
  7 bats
  4 giant newts
  4 jackals (D:1)
  A rat (D:1)
54 creatures vanquished.

Notes
Turn   | Place    | Note
--------------------------------------------------------------
     0 | D:1      | Klogten, the High Elf Conjurer, began the quest for the Orb.
     0 | D:1      | Reached XP level 1. HP: 11/11 MP: 4/4
   339 | D:1      | Reached XP level 2. HP: 9/17 MP: 0/6
   756 | D:2      | Noticed Robin
   760 | D:2      | Reached XP level 3. HP: 19/21 MP: 5/8
   925 | D:1      | Killed Robin
   925 | D:1      | Reached skill level 1 in Maces & Flails
  1154 | D:2      | Noticed Ijyb
  1195 | D:2      | Killed Ijyb
  1195 | D:2      | Reached XP level 4. HP: 3/27 MP: 1/11
  1577 | D:2      | You fall through a shaft!
  1740 | D:2      | Reached skill level 5 in Conjurations
  2158 | D:3      | Noticed Modan's ghost (average DrAE)
  2470 | D:3      | HP: 2/40 [Modan's ghost (5)]
  2471 | D:3      | Gained mutation: You expend magic power (3 MP) to slightly strengthen your wands. [potion of mutation]
  2471 | D:3      | Gained mutation: You are robust (+10% HP). [potion of mutation]
  2472 | D:3      | Gained mutation: You possess an exceptional clarity of mind. [potion of beneficial mutation]
  2482 | D:3      | HP: 2/43 [Modan's ghost/zap (1)]
  2484 | D:3      | Killed from afar by Modan's ghost

Action                   |  1- 3 |  4- 6 || total
-------------------------+-------+-------++-------
Melee: Unarmed           |    18 |       ||    18
       Mace              |    49 |    31 ||    80
 Cast: Magic Dart        |    56 |    49 ||   105
  Use: Scroll            |     1 |     1 ||     2
       Potion            |       |     7 ||     7
 Stab: Invisible         |       |     3 ||     3
  Eat: Chunk             |     1 |     3 ||     4
       Meat ration       |       |     1 ||     1
